AoeStats
← hi_joel

Scandinavia

510463583Analyzed
1v1 RM · 10h ago on Oct 1, 2026· 47m 31s· 2 players
Game mode
Random Map
Map size
Tiny (2 player)
Population
200
Speed
Normal
Resources
Standard
Victory
Conquest
Starting age
Dark Age
Ending age
Imperial Age
RankedLock teamsTeams togetherTeam positionsShared explorationLock speedFull tech treeHidden civsTurbo modeCheats
Victory
Defeat
🇦🇷 Magyars · Argentina
1101
+18
🇬🇹 Gurjaras · Guatemala
1155
-18
totekazee
6:36 Loom
12:11 Feudal Age
12:54 Man-at-Arms
13:20 Arson
13:30 Fishing Lines
14:03 Double-Bit Axe
20:09 Castle Age
19:35 Gold Mining
19:50 Scale Mail Armor
20:29 Scale Barding Armor
20:54 Gillnets
21:46 Gold Shaft Mining
21:33 Long Swordsman
22:41 Horse Collar
24:58 Thumb Ring
25:39 Elite Skirmisher
26:37 Bloodlines
26:44 Fletching
27:06 Heavy Plow
29:09 Pikeman
30:27 Wheelbarrow
33:19 Chain Mail Armor
32:52 Town Watch
33:57 Hand Cart
33:43 Stone Mining
35:41 Corvinian Army
36:28 Bodkin Arrow
36:38 Husbandry
37:24 Ballistics
41:20 Imperial Age
39:06 Murder Holes
42:30 Recurve Bow
43:04 Parthian Tactics
44:02 Conscription
43:21 Cavalier
44:11 Halberdier
45:08 Bracer
46:25 Heavy Cavalry Archer
49:05 Chemistry
hi_joel
8:13 Loom
10:58 Feudal Age
17:53 Castle Age
17:23 Forging
17:26 Horse Collar
17:33 Double-Bit Axe
21:39 Gold Mining
21:54 Fletching
22:40 Husbandry
22:54 Bodkin Arrow
24:53 Bloodlines
24:52 Padded Archer Armor
30:09 Bow Saw
30:50 Town Watch
31:43 Man-at-Arms
33:10 Wheelbarrow
33:09 Leather Archer Armor
33:10 Scale Barding Armor
33:48 Heavy Plow
34:26 Iron Casting
33:18 Long Swordsman
35:50 Gold Shaft Mining
36:01 Hand Cart
35:58 Scale Mail Armor
37:31 Stone Mining
39:14 Ballistics
39:21 Chain Mail Armor
39:27 Chain Barding Armor
43:11 Imperial Age
42:46 Masonry
43:16 Elite Shrivamsha Rider
44:34 Plate Barding Armor
45:41 Chemistry
44:15 Heavy Camel Rider
45:51 Bracer
46:13 Elite Elephant Archer
Connection lost

Rejoining the realm…

Still unreachable

The connection could not be restored.

Session expired

The server has moved on; the page needs a fresh start.